 Dungeon Crawl Stone Soup version 0.28-a0-1429-gf3d713df7a (webtiles) character file.

Game seed: 7806125017276353826

0 anonymouscript the Shield-Bearer (level 1, 0/22 HPs)
             Began as a Troll Fighter on Jan 9, 2022.
             Succumbed to an adder's poison
             ... on level 2 of the Dungeon.
             The game lasted 00:00:23 (97 turns).

anonymouscript the Shield-Bearer (Troll Fighter)      Turns: 97, Time: 00:00:24

Health: 0/22       AC:  4    Str: 23    XL:     1   Next: 8%
Magic:  0/0        EV:  8    Int:  4    God:
Gold:   16         SH:  7    Dex:  9    Spells: 0/0 levels left

rFire   . . .      SeeInvis .     - Unarmed
rCold   . . .      Faith    .   b - +0 kite shield
rNeg    . . .      Spirit   .   a - +0 robe
rPois   .          Reflect  .   (helmet restricted)
rElec   .          Harm     .   (no cloak)
rCorr   .          Rampage  .   (gloves unavailable)
Will    .....                   (boots unavailable)
Stlth   +.........              (no amulet)
HPRegen 0.87/turn               (no ring)
MPRegen 0.07/turn               (no ring)

@: lethally poisoned (0 -> 0)
A: large, unfitting armour, claws 3, regeneration 1, shaggy fur 1, tough skin 1
a: no special abilities


You were on level 2 of the Dungeon.
You visited 1 branch of the dungeon, and saw 3 of its levels.

You collected 16 gold pieces.

Inventory:

Armour
 a - a +0 robe (worn)
 b - a +0 kite shield (worn)
Scrolls
 d - a scroll of teleportation {unknown}
 f - a scroll of identify {unknown}
Potions
 c - a potion of might
 e - a potion of ambrosia {unknown}


   Skills:
 + Level 2.4 Fighting
 + Level 2.4 Dodging
 + Level 2.4 Shields
 + Level 2.0 Unarmed Combat


You couldn't memorise any spells.
You didn't know any spells.
Your spell library was empty.

Dungeon Overview and Level Annotations

Branches:
Dungeon (3/15)

Altars:


Innate Abilities, Weirdness & Mutations

You are too large for most types of armour.
You have claws for hands.
Your natural rate of healing is unusually fast.
You are covered in fur. (AC +1)
You have tough skin. (AC +1)


Message History

An adder comes into view.
The adder hisses angrily.
A kobold comes into view. It is wielding a +0 club.
The kobold shouts!
You barely miss the adder.
The kobold throws a stone.
The stone barely misses you. The adder bites you but does no damage.
The rat barely misses you.
You miss the adder. You block the adder's attack. The rat closely misses you.
The adder bites you.
You are poisoned.
The adder poisons you!
You barely miss the adder.
You feel sick. You block the adder's attack.
The rat bites you but does no damage.
You closely miss the adder.
You feel sick. The adder bites you.
You are more poisoned.
The adder poisons you! The rat bites you but does no damage.
You miss the adder.
You feel sick. You block the adder's attack. You block the rat's attack.
You block the kobold's attack. The adder bites you.
You claw the adder!
The adder is severely wounded.
You feel sick. You block the adder's attack. The rat bites you.
The kobold hits you with a +0 club.
You feel sick. You block the kobold's attack. The adder bites you.
* * * LOW HITPOINT WARNING * * *
You are lethally poisoned!
The adder poisons you!
* * * LOW HITPOINT WARNING * * *
You feel sick.
* * * LOW HITPOINT WARNING * * *
You feel sick.
There is a stone staircase leading up here.
* * * LOW HITPOINT WARNING * * *
You feel sick. You block the adder's attack. The adder completely misses you.
You climb upwards.
* * * LOW HITPOINT WARNING * * *
You feel sick.
There is a stone staircase leading down here.
* * * LOW HITPOINT WARNING * * *
You feel sick. The adder closely misses you.
You die...

# .#
###.#####
#>S......
#.#.....#
#@#.....#
#.#.....#
##'#.....##
#..........
#..........
#..........
#..........
#..........
#..........


You could see an adder.

Vanquished Creatures
  A frilled lizard (D:2)
1 creature vanquished.

Notes
Turn   | Place    | Note
-------+----------+-------------------------------------------
     0 | D:1      | anonymouscript the Troll Fighter began the quest for the
                  | Orb.
     0 | D:1      | Reached XP level 1. HP: 22/22 MP: 0/0
    94 | D:3      | HP: 1/22 [poisoned by an adder]
    97 | D:2      | Succumbed to an adder's poison

Illustrated notes

Levels and vault maps discovered:
D:1:      scummos_arrival_simple_fountains, layout_rooms, nrook_mini_vaults,
          minmay_worlds_worst_comb
D:2:      layout_basic, uniq_jessica
D:3:      layout_loops_ring, trog_three_pillars_becter,
          ebering_ghost_disaster_area, chequers_ecumenical_altar_simple_redux

Action                   || total
-------------------------++-------
Melee: Unarmed           ||     7
Armor: Robe              ||     3
Dodge: Dodged            ||     5
Block: Kite shield       ||     9

Table legend: (Time is in decaauts)
 A = Elapsed time spent in this place.
 B = Non-inter-level travel time spent in this place.
 C = Inter-level travel time spent in this place.
 D = Time resting spent in this place.
 E = Time spent auto-exploring this place.
 F = Levels seen in this place.
 G = Mean time per level.
                   A        B        C        D        E       F      G
               +--------+--------+--------+--------+--------+-----+--------+
         Total |     97 |     96 |      1 |      0 |     35 |   3 |   32.3 |
       Dungeon |     97 |     96 |      1 |      0 |     35 |   3 |   32.3 |
               +--------+--------+--------+--------+--------+-----+--------+

Top non-repeatable levels by time:
     D:2: 68 daAuts
     D:3: 18 daAuts
     D:1: 11 daAuts
